 Dungeon Crawl Stone Soup version 0.31.0-11-ge490571c62 (webtiles) character file.

Game seed: 10112370764743948025

450 browni3141 the Chopper (level 6, -5/56 HPs)
             Began as a Minotaur Fighter on Jan 28, 2024.
             Slain by a water moccasin (7 damage)
             ... on level 5 of the Dungeon.
             The game lasted 00:01:19 (2867 turns).

browni3141 the Chopper (Minotaur Fighter)           Turns: 2867, Time: 00:01:20

Health: -5/56      AC: 11    Str: 22    XL:     6   Next: 74%
Magic:  5/5        EV:  8    Int:  5    God:
Gold:   206        SH:  5    Dex: 10    Spells: 5/5 levels left

rFire   . . .        a - +0 war axe
rCold   . . .        c - +0 buckler
rNeg    . . .        j - +0 chain mail
rPois   .            (helmet restricted)
rElec   .            (no cloak)
rCorr   .            k - +0 pair of gloves
SInv    .            (no boots)
Will    .....        (no amulet) Stlth
                     (no ring)
HPRegen 0.29/turn    (no ring)
MPRegen 0.09/turn

%: no passive effects
@: mighty, lethally poisoned (-5 -> -13)
A: horns 2, retaliatory headbutt
a: no special abilities


You were on level 5 of the Dungeon.
You visited 1 branch of the dungeon, and saw 5 of its levels.

You collected 206 gold pieces.

Inventory:

Hand Weapons
 a - a +0 war axe (weapon)
Missiles
 l - 4 boomerangs (quivered)
Armour
 b - a +0 scale mail
 c - a +0 buckler (worn)
 j - a +0 chain mail (worn)
 k - a +0 pair of gloves (worn)
Scrolls
 e - 6 scrolls of identify {unknown}
 f - a scroll of immolation {unknown}
 g - a scroll of poison {unknown}
 o - a scroll of fog {unknown}
 p - a scroll of enchant armour {unknown}
 q - a scroll of revelation {unknown}
 s - a scroll of teleportation {unknown}
 t - a scroll of blinking {unknown}
Potions
 h - 2 potions of curing {unknown}
 i - 2 potions of degeneration {unknown}
 m - a potion of lignification {unknown}
 n - 2 potions of resistance {unknown}
 r - a potion of haste {unknown}
 u - a potion of enlightenment {unknown}


   Skills:
 + Level 5.2 Fighting
 * Level 5.8 Axes
 + Level 5.2 Armour
 + Level 5.2 Shields


You had 5 spell levels left.
You didn't know any spells.
Your spell library contained the following spells:

 Spells                   Type           Power      Damage    Failure   Level
 Magic Dart               Conj           0%         1d3       98%         1
 Blink                    Tloc           0%         N/A       99%         2
 Call Imp                 Summ           0%         N/A       99%         2


Dungeon Overview and Level Annotations

Branches:
Dungeon (5/15)
 Temple: D:4-7

Altars:
Yredelemnul


Innate Abilities, Weirdness & Mutations

You have a pair of horns on your head.
You reflexively headbutt those who attack you in melee.


Message History

There is a stone staircase leading down here.
You climb downwards.
There is a stone staircase leading up here.
A phantom comes into view.
A phantom is nearby!
A phantom is nearby!
A phantom is nearby!
The phantom hits you but does no damage.
A phantom is nearby!
You slash the phantom!
The phantom is moderately damaged.
The phantom hits you.
The phantom blinks!
You blink.
You closely miss the phantom.
The phantom is moderately damaged.
The phantom hits you but does no damage.
A phantom is nearby!
You barely miss the phantom.
The phantom is moderately damaged.
The phantom hits you but does no damage.
A phantom is nearby!
You miss the phantom.
The phantom is moderately damaged.
The phantom hits you but does no damage.
The phantom hits you.
The phantom blinks!
You blink.
You hit the phantom but do no damage. Your headbutt misses the phantom.
The phantom is moderately damaged.
The phantom hits you but does no damage.
You slash the phantom! Your headbutt misses the phantom.
The phantom is severely damaged.
The phantom barely misses you.
You slash the phantom!
You destroy the phantom!
Your Fighting skill increases to level 5!
Your Armour skill increases to level 5!
No target in view!
No target in view!
You see here a scarf of invisibility.
HP restored.
A bombardier beetle and a scorpion come into view.
You closely miss the bombardier beetle.
The bombardier beetle sprays incendiary fluid at you.
The burning spray hits you.
You are covered in liquid fire!
You hear a shout!
You are on fire!
You are on fire!
You barely miss the bombardier beetle. The liquid fire burns you!
You hear an angry hiss.
The scorpion stings you but does no damage.
You slash the scorpion!
The scorpion is heavily wounded.
You barely miss the bombardier beetle. The liquid fire burns you!
The scorpion stings you but does no damage.
An ogre comes into view. It is wielding a +0 giant club.
The bombardier beetle bites you but does no damage.
You are on fire!
You are on fire!
You hit the scorpion but do no damage. You headbutt the scorpion.
The scorpion is severely wounded.
You hit the bombardier beetle. The liquid fire burns you!
You block the scorpion's attack.
The scorpion stings you but does no damage.
You block the bombardier beetle's attack.
You slash the scorpion!
You kill the scorpion!
You slash the bombardier beetle! The liquid fire burns you!
The bombardier beetle closely misses you.
You furiously retaliate!
You headbutt the bombardier beetle. You barely miss the bombardier beetle.
You headbutt the bombardier beetle, but do no damage.
The bombardier beetle is almost dead.
The liquid fire burns you!
You shake off some of the fire as you move.
The liquid fire burns you!
A water moccasin comes into view.
You shake off the liquid fire.
You feel very mighty all of a sudden. The ogre hits you with a +0 giant club!
You slash the ogre!
The ogre is heavily wounded.
The ogre barely misses you. The water moccasin barely misses you.
You furiously retaliate!
You headbutt the water moccasin. You slash the ogre!
The ogre is almost dead.
You miss the water moccasin. The water moccasin bites you.
You block the ogre's attack.
The water moccasin attacks as it pursues you!
The water moccasin bites you. x2
You are lethally poisoned!
The water moccasin poisons you!
You closely miss the water moccasin.
Your headbutt misses the water moccasin.
The water moccasin is moderately wounded.
You feel very sick. The water moccasin bites you!
You die...

#.......# #.......#
#.......# #.......#
####.......#
........... ###+###
......†..####.....#
........B##.......#
....?.###OS@##....#
..... #.####....#
+### #.# #....# ..#
#....# #.## #....#
#.#####[...#
#.#........#
..#.##.#####
###.##.#


You could see a water moccasin, an ogre and a bombardier beetle.

Vanquished Creatures
  A black bear (D:4)
  An ogre (D:4)
  A phantom (D:5)
  A scorpion (D:5)
  A hound (D:4)
  3 adders
  5 ribbon worms
  2 dart slugs
  An orc (D:3)
  6 endoplasms
  4 giant cockroaches
  8 goblins
  6 hobgoblins
  3 quokkas
  10 ball pythons
  7 bats
  4 frilled lizards
  9 kobolds
  2 rats
75 creatures vanquished.

Notes
Turn   | Place    | Note
-------+----------+-------------------------------------------
     0 | D:1      | browni3141 the Minotaur Fighter began the quest for the
                  | Orb.
     0 | D:1      | Reached XP level 1. HP: 19/19 MP: 0/0
   125 | D:1      | Reached XP level 2. HP: 27/27 MP: 1/1
   691 | D:2      | Reached XP level 3. HP: 33/33 MP: 2/2
  1321 | D:3      | Found a basalt altar of Yredelemnul.
  1342 | D:3      | Reached XP level 4. HP: 40/40 MP: 3/3
  2041 | D:4      | Noticed a black bear
  2048 | D:4      | Killed a black bear
  2049 | D:4      | Reached XP level 5. HP: 44/47 MP: 4/4
  2169 | D:4      | Noticed an ogre
  2172 | D:4      | Killed an ogre
  2173 | D:4      | Reached skill level 5 in Axes
  2173 | D:4      | Reached XP level 6. HP: 11/55 MP: 5/5
  2453 | D:4      | Reached skill level 5 in Shields
  2818 | D:5      | Entered Level 5 of the Dungeon
  2834 | D:5      | Reached skill level 5 in Fighting
  2834 | D:5      | Reached skill level 5 in Armour
  2861 | D:5      | Noticed a water moccasin
  2867 | D:5      | HP: 2/56 [poisoned by a water moccasin]
  2867 | D:5      | Slain by a water moccasin

Illustrated notes

Levels and vault maps discovered:
D:1:      lightli_iron_boxes, layout_basic, minmay_tetromino_i2
D:2:      layout_basic, serial_glass, glass_columns_b, glass_columns_c,
          hangedman_abyss_or_decor_stabs
D:3:      layout_basic, amcnicky_altar_gilded, minmay_misc_feat_enclosed,
          minmay_misc_feat_tiny
D:4:      nicolae_cairo_tiling_large, layout_basic
D:5:      layout_basic, minmay_temple_entry_fiery, gammafunk_ghost_arena

Skill      XL: |  1  2  3  4  5  6 |
---------------+-------------------+-----
Axes           | 3 4 5 |  5.8
Fighting       | 4 5 |  5.2
Armour         | 4 5 |  5.2
Shields        | 4 5 |  5.2

Action                     |  1- 3 |  4- 6 || total
---------------------------+-------+-------++-------
  Melee: War axe           |    79 |    77 ||   156
         Headbutt          |    11 |    11 ||    22
    Use: Potion            |       |     1 ||     1
 Armour: Scale mail        |    12 |       ||    12
         Chain mail        |    41 |    71 ||   112
  Dodge: Dodged            |    30 |    35 ||    65
  Block: Buckler           |    29 |    17 ||    46
